 Dungeon Crawl Stone Soup version 0.30-a0-652-gcc886f7154 (webtiles) character file.

Game seed: 17831703410531252913

65 wormed the Ducker (level 3, -1/17 HPs)
             Began as a Felid Chaos Knight on Jan 17, 2023.
             Was a Plaything of Xom.
             Splashed by a jelly's acid (11 damage)
             ... on level 3 of the Dungeon.
             The game lasted 00:02:20 (1776 turns).

wormed the Ducker (Felid Chaos Knight)              Turns: 1776, Time: 00:02:20

Health: -1/17      AC:  1    Str:  8    XL:     3   Next: 94%
Magic:  5/5        EV: 18    Int: 15    God:    Xom [..*...]
Gold:   41         SH:  0    Dex: 15    Spells: 4/4 levels left
                                        Lives:  0   Deaths: 0

rFire   . . .      SeeInvis +      - Unarmed
rCold   . . .      Faith    .    (shield unavailable)
rNeg    . . .      Spirit   .    (body armour unavailable)
rPois   .          Reflect  .    (helmet unavailable)
rElec   .          Harm     .    (cloak unavailable)
rCorr   .          Rampage  .    (gloves unavailable)
Will    .....                    (boots unavailable)
Stlth   ++                       (no amulet)
HPRegen 0.22/turn                (no ring)
MPRegen 0.09/turn                (no ring)

@: quick
A: very small, claws 1, fangs 3, see invisible, speed 1, shaggy fur 1, stealthy
paws, no weapons or thrown items, no armour, multi-lived
a: Renounce Religion


You were on level 3 of the Dungeon.
You worshipped Xom.
You were a toy of Xom.
You visited 1 branch of the dungeon, and saw 3 of its levels.

You collected 41 gold pieces.

Inventory:

Scrolls
 b - a scroll of identify
Potions
 c - a potion of attraction {unknown}
 e - 2 potions of berserk rage
 f - a potion of might {unknown}
 h - 2 potions of lignification {unknown}
 i - 3 potions of invisibility {unknown}
 j - 2 potions of curing {unknown}
Miscellaneous
 a - a piece from Xom's chessboard (14/15) (quivered)


   Skills:
 + Level 3.4 Fighting
 + Level 3.9 Dodging
 + Level 2.1 Stealth
 + Level 3.4 Unarmed Combat
 + Level 1.2 Spellcasting


You had 4 spell levels left.
You didn't know any spells.
Your spell library was empty.

Dungeon Overview and Level Annotations

Branches:
Dungeon (3/15)

Altars:
Qazlal

Shops:
D:2 (


Innate Abilities, Weirdness & Mutations

You have sharp claws.
You have razor-sharp teeth.
You have supernaturally acute eyesight. (SInv)
You cover ground quickly. (Speed+)
You are covered in fur. (AC +1)
Your paws help you pounce on unaware monsters.
You are incapable of wielding weapons or throwing items.
You cannot wear armour.
You gain extra lives every three experience levels.


Message History

You barely miss the goblin. The goblin closely misses you.
You closely miss the goblin. The goblin misses you.
You scratch the goblin.
The goblin is moderately wounded.
You hear a distant slurping noise.
The goblin hits you but does no damage.
You scratch the goblin.
The goblin is severely wounded.
The goblin hits you but does no damage.
You closely miss the goblin. You bite the goblin.
You kill the goblin!
No target in view!
No target in view!
No target in view!
No target in view!
No target in view!
No target in view!
No target in view!
No target in view!
No target in view!
No target in view!
You now have 41 gold pieces (gained 9).
You see here a +0 club.
You see here 9 gold pieces.
A jelly is nearby!
A jelly is nearby!
A jelly is nearby!
A jelly is nearby!
You see here 8 gold pieces.
Found a fuming golden potion.
The jelly quivers.
You scratch the jelly but do no damage.
Your paws burn!
You bite the jelly.
The jelly is moderately wounded.
The jelly misses you.
You scratch the jelly.
Your paws burn!
You bite the jelly.
The jelly is heavily wounded.
The jelly hits you.
You are splashed with acid!
Ouch! That really hurt!
You die...
Xom laughs nastily!

#...≈≈#####≈≈...........
##.§≈#§≈§≈#≈..######.###
##....§⌠.≈§≈..# #.# #
#....§§_>≈§..... ... .
#$....§§≈≈≈...... .....
#....≈§##≈#.≈.... ......
#...≈≈≈≈≈.........
#..≈..$≈≈..........
#......@J...........
#...........##.
##..........#
#..........#
#............
#.............
#.............
#.......!.....


You could see a jelly.

Vanquished Creatures
  2 adders (D:3)
  A dart slug (D:2)
  7 endoplasms
  3 giant cockroaches
  A goblin (D:3)
  3 hobgoblins
  5 jackals
  A quokka (D:2)
  4 ball pythons
  6 bats
  3 frilled lizards (D:1)
  5 kobolds (D:1)
  A rat (D:2)
42 creatures vanquished.

Notes
Turn   | Place    | Note
-------+----------+-------------------------------------------
     0 | D:1      | wormed the Felid Chaos Knight began the quest for the Orb.
     0 | D:1      | Reached XP level 1. HP: 10/10 MP: 2/2
   255 | D:1      | Reached skill level 1 in Stealth
   255 | D:1      | Reached XP level 2. HP: 10/14 MP: 3/3
   604 | D:1      | XOM: butterfly on damage
   671 | D:1      | XOM: divination: detect items
   961 | D:2      | Reached XP level 3. HP: 17/17 MP: 5/5
  1093 | D:2      | Found Hetwirof's Antique Weapon Emporium.
  1209 | D:2      | XOM is BORED!
  1438 | D:2      | Reached skill level 1 in Spellcasting
  1736 | D:3      | Found a stormy altar of Qazlal.
  1776 | D:3      | Splashed by a jelly's acid

Illustrated notes

Levels and vault maps discovered:
D:1:      tarquinn_simple_flora_water_c, layout_basic
D:2:      layout_loops_cross, serial_shops, shop, st_stairs_8
D:3:      minmay_inner_zag, layout_basic, nicolae_qazlal_general_emergency,
          wad_orctagon

Skill      XL: |  1  2  3 |
---------------+----------+-----
Stealth        | 1 2 |  2.1
Spellcasting   | 1 |  1.2
Fighting       | |  3.4
Dodging        | |  3.9
Unarmed Combat | |  3.4

Action                   || total
-------------------------++-------
Melee: Unarmed           ||   149
       Bite              ||    15
       Punch             ||     4
Evoke: Piece from Xom's  ||     1
  Use: Scroll            ||     5
       Potion            ||     1
 Stab: Sleeping          ||     4
Armor: Skin              ||    12
Dodge: Dodged            ||   125

Table legend: (Time is in decaauts)
 A = Elapsed time spent in this place.
 B = Non-inter-level travel time spent in this place.
 C = Inter-level travel time spent in this place.
 D = Time resting spent in this place.
 E = Time spent auto-exploring this place.
 F = Levels seen in this place.
 G = Mean time per level.
                   A        B        C        D        E       F      G
               +--------+--------+--------+--------+--------+-----+--------+
         Total |   1496 |   1460 |     36 |      0 |   1139 |   3 |  498.7 |
       Dungeon |   1496 |   1460 |     36 |      0 |   1139 |   3 |  498.7 |
               +--------+--------+--------+--------+--------+-----+--------+

Top non-repeatable levels by time:
     D:1: 815 daAuts
     D:2: 521 daAuts
     D:3: 159 daAuts
